 Dungeon Crawl Stone Soup version 0.31.0-1-g2c135a0 (webtiles) character file.

Game seed: 7407151591167746225

863 maxtrax the Chopper (level 7, -2/52 HPs)
             Began as a Vampire Gladiator on Mar 2, 2024.
             Was a Priest of Okawaru.
             Slain by Prince Ribbit (10 damage)
             ... on level 5 of the Dungeon.
             The game lasted 00:23:00 (3223 turns).

maxtrax the Chopper (Vampire Gladiator)             Turns: 3223, Time: 00:23:00

Health: -2/52      AC: 12    Str: 14    XL:     7   Next: 72%
Magic:  7/7        EV:  5    Int: 10    God:    Okawaru [***...]
Gold:   235        SH:  0    Dex: 19    Spells: 6/6 levels left

rFire   . . .        a - +0 war axe
rCold   . . .        (no shield)
rNeg    . . .        s - +0 plate armour
rPois   .            f - +0 helmet
rElec   .            (no cloak)
rCorr   .            (no gloves)
SInv    +            (no boots)
Will    .....        u - amulet of regeneration Stlth
                     (no ring)
HPRegen 1.28/turn    (no ring)
MPRegen 0.10/turn

%: no passive effects
@: healing quickly
A: alive, fangs 3, see invisible, vampiric 2, agile 1, high MP 1, MP-powered
wands
a: Exsanguinate, Renounce Religion, Heroism


You were on level 5 of the Dungeon.
You worshipped Okawaru.
Okawaru was most pleased with you.
You visited 1 branch of the dungeon, and saw 5 of its levels.

You collected 235 gold pieces.

Inventory:

Hand Weapons
 a - a +0 war axe (weapon)
Missiles
 d - 2 throwing nets (quivered)
 e - a javelin
Armour
 f - a +0 helmet (worn)
 s - a +0 plate armour (worn)
Jewellery
 u - an amulet of regeneration (around neck)
Scrolls
 b - a scroll of enchant weapon {unknown}
 c - a scroll of fear {unknown}
 i - a scroll of immolation {unknown}
 l - 3 scrolls of identify {unknown}
 q - 2 scrolls of revelation {unknown}
 r - a scroll of teleportation {unknown}
 t - a scroll of summoning {unknown}
Potions
 g - 2 potions of attraction
 j - 2 potions of degeneration {unknown}
 k - a potion of magic {unknown}
 m - a potion of cancellation {unknown}
 n - a potion of brilliance {unknown}


   Skills:
 + Level 3.4 Fighting
 + Level 6.1 Axes
 + Level 1.6 Throwing
 + Level 3.3 Armour
 + Level 4.4 Dodging
 + Level 2.3 Stealth


You had 6 spell levels left.
You didn't know any spells.
Your spell library contained the following spells:

 Spells                   Type           Power      Damage    Failure   Level
 Sandblast                Erth           0%         2d4       100%        1
 Passwall                 Erth           0%         N/A       100%        3
 Stone Arrow              Conj/Erth      0%         3d7       100%        3
 Brom's Barrelling Bould  Conj/Erth      0%         2d3       100%        4


Dungeon Overview and Level Annotations

Branches:
Dungeon (5/15)
 Temple: D:4-7

Altars:
Okawaru

Annotations:
D:5 Prince Ribbit


Innate Abilities, Weirdness & Mutations

Your natural rate of healing is accelerated.
You have razor-sharp teeth.
You have supernaturally acute eyesight. (SInv)
You are afflicted with vampirism and can become a bat while bloodless.
You are agile. (Dex +4, Str/Int -1)
You have an increased reservoir of magic. (+10% MP)
You expend magic power (3 MP) to strengthen your wands.


Message History

The hound bites you. The adder barely misses you.
You hit the hound.
You kill the hound!
Okawaru accepts your kill.
You miss the adder. The adder bites you. The adder barely misses you.
Prince Ribbit hits you!
You barely miss Prince Ribbit. Your bite misses Prince Ribbit.
You slash the adder!
You kill the adder!
Okawaru accepts your kill. Prince Ribbit hits you.
You miss Prince Ribbit. Prince Ribbit hits you! Prince Ribbit hits you.
You hit Prince Ribbit.
Prince Ribbit is lightly wounded.
Prince Ribbit hops awkwardly around.
Prince Ribbit hits you.
Prince Ribbit lets out a mournful croak.
Prince Ribbit blinks!
Prince Ribbit hits you but does no damage.
You closely miss Prince Ribbit.
Prince Ribbit is lightly wounded.
Prince Ribbit barely misses you.
You miss Prince Ribbit.
Prince Ribbit is lightly wounded.
Prince Ribbit hits you.
Prince Ribbit hits you but does no damage.
You miss Prince Ribbit.
Prince Ribbit is lightly wounded.
Prince Ribbit barely misses you. x2
You hit Prince Ribbit.
Prince Ribbit is moderately wounded.
Prince Ribbit hits you!
You slash Prince Ribbit!
Prince Ribbit is severely wounded.
Prince Ribbit hits you. Prince Ribbit hits you!
* * * LOW HITPOINT WARNING * * *
You hit Prince Ribbit.
Prince Ribbit is severely wounded.
Prince Ribbit hits you!
You die...

##. ..........
... #.......#
#.##.......##
#........#..#.
###........#....
................
#...<....#
#........#
#...@....#
#.....F....#
###......?...#
##.........#
..........#
...........#
.##.......... #.
#.........#


You could see Prince Ribbit.

Vanquished Creatures
  Grinder (D:4)
  Edmund (D:4)
  A sky beast (D:4)
  2 scorpions (D:4)
  A bombardier beetle (D:4)
  2 orc priests (D:4)
  A hound (D:5)
  An iguana (D:4)
  An orc wizard (D:4)
  4 gnolls (D:4)
  5 adders
  A ribbon worm (D:2)
  4 dart slugs
  4 orcs (D:4)
  9 bats
  9 endoplasms
  2 giant cockroaches (D:4)
  9 goblins
  8 hobgoblins
  3 jackals (D:3)
  5 kobolds
  4 quokkas
  11 ball pythons
  4 frilled lizards
  8 rats
101 creatures vanquished.

Notes
Turn   | Place    | Note
-------+----------+-------------------------------------------
     0 | D:1      | maxtrax the Vampire Gladiator began the quest for the Orb.
     0 | D:1      | Reached XP level 1. HP: 16/16 MP: 1/1
   141 | D:1      | Reached XP level 2. HP: 20/22 MP: 2/2
   199 | D:1      | Reached skill level 3 in Axes
   477 | D:1      | Reached skill level 1 in Stealth
   569 | D:1      | Gained mutation: You are afflicted with vampirism and can
                  | become a bat while bloodless. [Vampire growth]
   569 | D:1      | Reached XP level 3. HP: 25/27 MP: 3/3
  1018 | D:2      | Found a faded altar of an unknown god.
  1041 | D:2      | Prayed at the altar of an unknown god.
  1041 | D:2      | Became a worshipper of Warmaster Okawaru
  1041 | D:2      | Reached * piety under Okawaru
  1471 | D:2      | Reached skill level 1 in Armour
  1614 | D:3      | Reached XP level 4. HP: 23/33 MP: 4/4
  2338 | D:4      | Reached XP level 5. HP: 39/39 MP: 5/5
  2358 | D:4      | Reached skill level 4 in Axes
  2415 | D:4      | Noticed Grinder
  2427 | D:4      | Gained mutation: You expend magic power (3 MP) to
                  | strengthen your wands. [potion of mutation]
  2427 | D:4      | Gained mutation: You have an increased reservoir of magic.
                  | (+10% MP) [potion of mutation]
  2427 | D:4      | Gained mutation: You are agile. (Dex +4, Str/Int -1)
                  | [potion of mutation]
  2439 | D:4      | Paralysed by Grinder for 5 turns
  2446 | D:4      | Killed Grinder
  2446 | D:4      | Reached ** piety under Okawaru
  2447 | D:4      | Reached skill level 5 in Axes
  2447 | D:4      | Reached XP level 6. HP: 44/46 MP: 6/6
  2606 | D:4      | Noticed a sky beast
  2615 | D:4      | Killed a sky beast
  2616 | D:4      | Reached XP level 7. HP: 21/52 MP: 7/7
  2783 | D:4      | Noticed Edmund
  2812 | D:4      | Killed Edmund
  2812 | D:4      | Reached *** piety under Okawaru
  2863 | D:4      | Reached skill level 6 in Axes
  3201 | D:5      | Entered Level 5 of the Dungeon
  3201 | D:5      | Noticed Prince Ribbit
  3223 | D:5      | Slain by Prince Ribbit

Illustrated notes

Levels and vault maps discovered:
D:1:      lightli_iron_boxes, layout_basic
D:2:      layout_rooms, hellmonk_ecumenical_altar_leap_of_faith
D:3:      layout_basic
D:4:      minmay_goblin_kobold_castle, layout_basic, minmay_fractal_squares_5,
          uniq_edmund, uniq_grinder
D:5:      layout_rooms, old_standard_altar, nrook_mini_backslash,
          uniq_prince_ribbit1, uniq_eustachio

Skill      XL: |  1  2  3  4  5  6  7 |
---------------+----------------------+-----
Axes           | 3 5 6 |  6.1
Stealth        | 1 2 |  2.3
Fighting       | 2 3 |  3.4
Armour         | 1 2 3 |  3.3
Dodging        | 4 |  4.4
Throwing       | |  1.6

Action                     |  1- 3 |  4- 6 |  7- 9 || total
---------------------------+-------+-------+-------++-------
  Melee: War axe           |   113 |   116 |    80 ||   309
         Bite              |     9 |    16 |     7 ||    32
         Punch             |     1 |       |     1 ||     2
  Throw: Throwing net      |       |       |     3 ||     3
    Use: Scroll            |     1 |       |       ||     1
         Potion            |     1 |     3 |     5 ||     9
   Stab: Sleeping          |     8 |       |       ||     8
         Held in net/web   |       |       |     1 ||     1
 Armour: Leather armour    |    61 |       |       ||    61
         Chain mail        |    24 |    43 |       ||    67
         Plate armour      |       |    99 |   110 ||   209
  Dodge: Dodged            |   105 |    46 |    30 ||   181
